 Dungeon Crawl Stone Soup version 0.22-b1-21-g5cfc1688f2 (webtiles) character file.

6063 Pisosu the Cleaver (level 10, -1/88 HPs)
             Began as a Minotaur Fighter on Aug 5, 2018.
             Was a Believer of Trog.
             Slain by a seven-headed hydra (9 damage)
             ... on level 9 of the Dungeon.
             The game lasted 00:30:07 (7991 turns).

Pisosu the Cleaver (Minotaur Fighter)               Turns: 7991, Time: 00:30:07

Health: -1/88      AC: 10    Str: 26    XL:     10   Next: 57%
Magic:  9/9        EV:  5    Int:  3    God:    Trog [**....]
Gold:   583        SH: 19    Dex: 10    Spells: 9/9 levels left

rFire    . . .     SeeInvis .   a - +0 war axe
rCold    . . .     Gourm    .   n - +1 large shield
rNeg     . . .     Faith    .   I - +0 plate armour
rPois    .         Spirit   .   (helmet restricted)
rElec    .         Reflect  .   (no cloak)
rCorr    .         Harm     .   m - +0 pair of gloves
MR       .....                  p - +2 pair of boots
Stlth    ..........             (no amulet)
HPRegen  0.24/turn              t - -2 ring of intelligence (curse)
MPRegen  0.11/turn              H - +2 ring of strength

@: corroded, berserk cooldown, slowed, very slow
A: retaliatory headbutt, horns 2
a: Berserk, Trog's Hand, Renounce Religion


You were on level 9 of the Dungeon.
You worshipped Trog.
Trog was pleased with you.
You were not hungry.

You visited 2 branches of the dungeon, and saw 10 of its levels.

You collected 583 gold pieces.

Inventory:

Hand Weapons
 a - a +0 war axe (weapon)
 E - a +2 flail of distortion
Missiles
 b - a throwing net
 c - 5 tomahawks (quivered)
Armour
 m - a +0 pair of gloves (worn)
 n - a +1 large shield (worn)
 p - a +2 pair of boots (worn)
 B - the +4 scale mail of Omission {rF+ rCorr Dex-5}
   (You found it on level 5 of the Dungeon)

   It affects your dexterity (-5).
   It protects you from fire.
   It provides partial protection from all sources of acid and corrosion.
 I - a +0 plate armour (worn)
Jewellery
 t - a cursed -2 ring of intelligence (left hand)
 y - an uncursed ring of resist corrosion
 H - a +2 ring of strength (right hand)
Wands
 r - a wand of iceblast (12)
 v - a wand of digging (45)
 x - a wand of acid (21)
 C - a wand of paralysis (11)
Scrolls
 g - a scroll of enchant armour
 h - 5 scrolls of teleportation
 k - a scroll of immolation
 l - 13 scrolls of identify {unknown}
 q - a scroll of magic mapping {unknown}
 u - 4 scrolls of fog {unknown}
 w - a scroll of noise {unknown}
 F - 4 scrolls of remove curse {unknown}
 J - a scroll of acquirement {unknown}
Potions
 d - 2 potions of might
 e - 2 potions of haste {unknown}
 j - 6 potions of curing
 o - 2 potions of agility
 s - 2 potions of mutation {unknown}
 z - 3 potions of lignification {unknown}
 A - a potion of flight {unknown}
 D - a potion of brilliance {unknown}
 G - a potion of invisibility {unknown}
Comestibles
 f - 25 rations


   Skills:
 + Level 8.1 Fighting
 + Level 11.7 Axes
 + Level 8.6 Armour
 - Level 3.0 Dodging
 + Level 10.8 Shields


You had 9 spell levels left.
You didn't know any spells.
Your spell library was empty.

Dungeon Overview and Level Annotations

Branches:
Dungeon (9/15)             Temple (1/1) D:6
   Lair: D:8-11         Orc: D:9-12

Altars:
Ashenzari
Cheibriados
Dithmenos
Elyvilon
Fedhas
Gozag
Hepliaklqana
Kikubaaqudgha
Makhleb
Nemelex Xobeh
Okawaru
Qazlal
Ru
Trog
Uskayaw
Vehumet
Wu Jian
Xom
Yredelemnul
Zin
The Shining One

Shops:
D:2 *   D:4 }   D:8 *

Annotations:
D:4 1 runed door, Jiawne's ghost, amateur MiFi


Innate Abilities, Weirdness & Mutations

You reflexively headbutt those who attack you in melee.
You have a pair of horns on your head.


Message History

* * * LOW HITPOINT WARNING * * *
Unknown command.
Your surroundings suddenly seem different.
The bullfrog croaks.
The seven-headed hydra bites you.
* * * LOW HITPOINT WARNING * * *
The seven-headed hydra bites you.
* * * LOW HITPOINT WARNING * * *
You block the seven-headed hydra's attack. x4
The seven-headed hydra bites you.
* * * LOW HITPOINT WARNING * * *
The seven-headed hydra bites you but does no damage.
You block the seven-headed hydra's attack. x2
The seven-headed hydra bites you.
* * * LOW HITPOINT WARNING * * *
The seven-headed hydra bites you.
* * * LOW HITPOINT WARNING * * *
The seven-headed hydra bites you but does no damage.
The seven-headed hydra bites you!
You die...

.##..#..##...#.......#....)).o...
##..###..##..#.......#.....()#...
#..##)##..##.#.......#.......#...
..##[..##..##........#...........
#F.##...##..##.......#.#.........
##..#+#..##..##......#.#.........
.##...##..##.....<.....#.......##
..##..F##..##..........+.........
#..##}##..##....@.#..###.........
##..###..##....D..............(.)
.##..#..##.....................(.
..##...##.....#..................
...##.##......#..............#(..
....###.#.....................(..
.....#....................##..###
..................###.....##..#
#.............# #......#..#


You could see a seven-headed hydra.

Vanquished Creatures
  The ghost of Bizaynaq the Cudgeler, a novice HuSk of Okawaru (D:8)
  Pikel (D:8)
  Joseph (D:7)
  A hornet (D:8)
  Prince Ribbit (D:8)
  A hippogriff (D:8)
  Grum (D:8)
  6 yaks (D:7)
  2 hungry ghosts
  Duvessa (D:7)
  A sky beast (D:6)
  2 orc warriors
  An ice beast (D:8)
  A slave (D:8)
  A black bear (D:7)
  3 wolves (D:8)
  2 ogres (D:7)
  3 centaurs
  6 bullfrogs
  Dowan (D:7)
  A scorpion (D:6)
  A wyvern skeleton (D:8)
  A wight (D:9)
  6 crimson imps
  A bullfrog skeleton (D:5)
  A centaur skeleton (D:5)
  4 orc priests
  2 hounds
  2 jellies
  5 orc wizards
  An iguana (D:4)
  Ijyb (D:3)
  5 worker ants
  3 gnolls (D:3)
  2 howler monkey skeletons (D:6)
  12 adders
  3 shadow imps
  3 adder zombies (D:5)
  An adder skeleton (D:5)
  4 worms
  4 dart slugs
  A leopard gecko (D:2)
  12 orcs
  3 ball pythons
  3 giant cockroaches
  7 goblins
  4 hobgoblins
  15 jackals
  A quokka (D:7)
  7 bats
  6 frilled lizards
  A jackal zombie (D:7)
  10 kobolds
  A leopard gecko skeleton (D:3)
  7 rats
  A spectral orc (D:4)
179 creatures vanquished.

Vanquished Creatures (others)
  A jelly (D:8)
  An orc (D:8)
  2 withered plants (D:8)
4 creatures vanquished.

Grand Total: 183 creatures vanquished

Notes
Turn   | Place    | Note
-------+----------+-------------------------------------------
     0 | D:1      | Pisosu the Minotaur Fighter began the quest for the Orb.
     0 | D:1      | Reached XP level 1. HP: 19/19 MP: 0/0
    81 | D:1      | Reached XP level 2. HP: 25/27 MP: 1/1
   656 | D:2      | Found Gozag's Platinum Reserve.
   656 | D:2      | Found an opulent altar of Gozag.
   783 | D:2      | Reached XP level 3. HP: 17/33 MP: 2/2
   994 | D:2      | Reached skill level 3 in Axes
  1165 | D:2      | Found a faded altar of an unknown god.
  1382 | D:2      | Reached XP level 4. HP: 38/40 MP: 3/3
  1882 | D:3      | Noticed Ijyb
  1903 | D:3      | Killed Ijyb
  1903 | D:3      | Reached skill level 4 in Axes
  1985 | D:3      | Found an iron altar of Okawaru.
  2024 | D:3      | Reached XP level 5. HP: 47/47 MP: 4/4
  2088 | D:3      | Found a radiant altar of Vehumet.
  2089 | D:3      | Found a white marble altar of Elyvilon.
  2090 | D:3      | Found an ancient bone altar of Kikubaaqudgha.
  2823 | D:4      | Found a basalt altar of Yredelemnul.
  2842 | D:4      | Found Otweuk's Gadget Shop.
  2903 | D:4      | Reached skill level 1 in Dodging
  2905 | D:4      | Found a shattered altar of Ashenzari.
  3081 | D:4      | Noticed Jiawne's ghost (amateur MiFi)
  3097 | D:4      | Reached skill level 5 in Axes
  3097 | D:4      | Reached skill level 5 in Shields
  3097 | D:4      | Reached XP level 6. HP: 49/53 MP: 5/5
  3168 | D:4      | Found a runed door.
  3183 | D:5      | Entered Level 5 of the Dungeon
  3219 | D:5      | Found a sacrificial altar of Ru.
  3428 | D:5      | Got a transparent scale mail
  3439 | D:5      | Identified the +4 scale mail of Omission {rF+ rCorr Dex-5} (You found it on level 5 of the Dungeon)
  3522 | D:5      | Found a burning altar of Makhleb.
  3605 | D:5      | Reached skill level 5 in Fighting
  3748 | D:5      | Reached skill level 5 in Armour
  4071 | D:6      | Reached XP level 7. HP: 61/61 MP: 6/6
  4243 | D:6      | Reached skill level 6 in Axes
  4384 | D:6      | Found a staircase to the Ecumenical Temple.
  4403 | Temple   | Entered the Ecumenical Temple
  4632 | Temple   | Became a worshipper of Trog the Wrathful
  5219 | D:7      | Reached skill level 7 in Axes
  5259 | D:7      | Reached XP level 8. HP: 64/69 MP: 7/7
  5286 | D:7      | Noticed Duvessa
  5296 | D:7      | Noticed Dowan
  5304 | D:7      | Killed Duvessa
  5308 | D:7      | Killed Dowan
  5630 | D:7      | Reached skill level 8 in Axes
  5754 | D:7      | Noticed Joseph
  5773 | D:7      | Killed Joseph
  5773 | D:7      | Reached skill level 9 in Axes
  5900 | D:7      | Reached XP level 9. HP: 75/75 MP: 8/8
  5916 | D:7      | HP: 1/78 [yak (12)]
  5919 | D:7      | Reached skill level 10 in Axes
  6620 | D:8      | Reached * piety under Trog
  6623 | D:8      | Noticed Prince Ribbit
  6637 | D:8      | Killed Prince Ribbit
  6643 | D:8      | Found a hazy altar of Hepliaklqana.
  6654 | D:8      | Noticed Pikel
  6669 | D:8      | Killed Pikel
  6669 | D:8      | Reached XP level 10. HP: 86/86 MP: 9/9
  6785 | D:8      | Reached skill level 11 in Axes
  6911 | D:8      | Found a runed door.
  6912 | D:8      | Noticed Bizaynaq's ghost (novice HuSk)
  6932 | D:8      | Found Raifom's Changing Room.
  7040 | D:8      | Reached skill level 10 in Shields
  7126 | D:8      | Noticed Grum
  7160 | D:8      | Killed Grum
  7662 | D:8      | Killed Bizaynaq's ghost
  7698 | D:9      | Noticed a five-headed hydra
  7782 | D:9      | Reached ** piety under Trog
  7991 | D:9      | Slain by a seven-headed hydra

Skill      XL: |  1  2  3  4  5  6  7  8  9 10 |
---------------+-------------------------------+-----
Fighting       | 4 5 6 7 8 |  8.1
Armour         | 4 5 6 7 8 |  8.6
Shields        | 4 5 6 7 9 10 | 10.8
Axes           | 3 4 5 7 9 10 11 | 11.7
Dodging        | 1 2 3 |  3.0

Action                   |  1- 3 |  4- 6 |  7- 9 | 10-12 || total
-------------------------+-------+-------+-------+-------++-------
Melee: War axe           |    90 |   177 |   213 |   133 ||   613
       Headbutt          |     7 |    35 |    44 |    24 ||   110
Invok: Berserk           |       |       |     1 |     4 ||     5
  Use: Scroll            |       |       |     3 |     3 ||     6
       Potion            |       |       |     1 |       ||     1
 Stab: Paralysed         |       |     1 |       |       ||     1
  Eat: Chunk             |     1 |     9 |     8 |     5 ||    23
       Ration            |       |       |     1 |     2 ||     3
Armor: Scale mail        |    72 |    72 |    48 |       ||   192
       Plate armour      |       |       |    20 |    49 ||    69
Dodge: Dodged            |    34 |    31 |    33 |    15 ||   113
Block: Shield            |    50 |     8 |       |       ||    58
       Large shield      |       |   126 |   175 |   134 ||   435
